 Dungeon Crawl Stone Soup version 0.31-a0-986-g5e6e4ef867 (webtiles) character file.

Game seed: 9664470107748690014

198 dialectric the Ruffian (level 5, -7/53 HPs)
             Began as a Troll Berserker on Nov 23, 2023.
             Was a Believer of Trog.
             Mangled by an ogre
             ... wielding a +0 giant spiked club
              (38 damage)
             ... on level 3 of the Dungeon.
             The game lasted 00:01:44 (1627 turns).

dialectric the Ruffian (Troll Berserker)            Turns: 1627, Time: 00:01:45

Health: -7/53      AC:  4    Str: 25    XL:     5   Next: 47%
Magic:  4/4        EV: 10    Int:  3    God:    Trog [**....]
Gold:   147        SH:  0    Dex: 11    Spells: 4/4 levels left

rFire   . .          .
                       - Unarmed
rCold   . . .        (no shield)
rNeg    . . .        a - +0 animal skin
rPois   .            (helmet restricted)
rElec   .            m - scarf {repulsion}
rCorr   .            (gloves unavailable)
SInv    .            (boots unavailable)
Will    .....        (no amulet)
Stlth   +            (no ring)
HPRegen 1.08/turn    (no ring)
MPRegen 0.09/turn

%: repel missiles
@: no status effects
A: large, unfitting armour, claws 3, regeneration 1, shaggy fur 1, tough skin 1
a: Renounce Religion, Berserk, Trog's Hand


You were on level 3 of the Dungeon.
You worshipped Trog.
Trog was pleased with you.
You visited 1 branch of the dungeon, and saw 3 of its levels.

You collected 147 gold pieces.

Inventory:

Missiles
 j - 2 boomerangs (quivered)
Armour
 a - a +0 animal skin (worn)
 m - a scarf of repulsion (worn)
Talismans
 g - a storm talisman
 o - a flux talisman
Scrolls
 b - 7 scrolls of identify {unknown}
 f - 4 scrolls of teleportation {unknown}
 h - a scroll of silence {unknown}
 l - a scroll of noise {unknown}
 n - a scroll of amnesia {unknown}
Potions
 c - a potion of magic {unknown}
 d - 2 potions of curing {unknown}
 e - 2 potions of lignification {unknown}
 i - 2 potions of enlightenment {unknown}
 k - a potion of ambrosia {unknown}
 p - a potion of mutation {unknown}


   Skills:
 + Level 3.2 Fighting
 + Level 3.3 Dodging
 + Level 0.1 Stealth
 + Level 4.9 Unarmed Combat


You had 4 spell levels left.
You didn't know any spells.
Your spell library was empty.

Dungeon Overview and Level Annotations

Branches:
Dungeon (3/15)

Altars:
Trog


Innate Abilities, Weirdness & Mutations

You are too large for most types of armour.
You have claws for hands.
Your natural rate of healing is unusually fast.
You are covered in fur. (AC +1)
You have tough skin. (AC +1)


Message History

The rat completely misses you.
An orc comes into view. It is wielding a +0 hand axe.
You barely miss the rat. The rat closely misses you.
The orc shouts!
You scratch the rat.
You kill the rat!
Trog accepts your kill.
You claw the orc!
You kill the orc!
Trog accepts your kill.
No target in view!
No target in view!
No target in view!
No target in view!
No target in view!
No target in view!
No target in view!
Found a leather armour.
Things that are here:
a +0 whip; a +0 chain mail; an orc corpse An ogre comes into view.
It is wielding a +0 giant spiked club.
The ogre shouts!
You see here a scroll labelled OTOONOGECI.
An ogre is nearby!
An ogre is nearby!
An ogre is nearby!
The ogre hits you with a +0 giant spiked club.
An ogre is nearby!
You scratch the ogre.
The ogre is lightly wounded.
You scratch the ogre.
The ogre is lightly wounded.
The ogre hits you with a +0 giant spiked club!!
You scratch the ogre.
The ogre is moderately wounded.
You scratch the ogre.
The ogre is moderately wounded.
The ogre hits you with a +0 giant spiked club!!!
Ouch! That really hurt!
You die...

###........#
#.............######
#..........#
#.............#
#.#........#
#.............
#.#........#
#.............
#.#....#####
#.............
#....#.####
#.?...........
#.........##
#........[....
##.........#
#............
###.####..#
#..@........ #.
#..###..O....... ..
#...............
#######.###.#.........
#.<#...# #.###.....##
#.##.### #. .#####
#.##.# .# #....# .#
######


You could see an ogre.

Vanquished Creatures
  A phantom (D:2)
  An orc priest (D:3)
  An orc wizard (D:3)
  An adder (D:3)
  2 worms
  2 dart slugs (D:1)
  4 orcs (D:3)
  3 ball pythons
  3 bats
  5 endoplasms
  4 giant cockroaches
  2 goblins
  3 hobgoblins
  A quokka (D:2)
  A frilled lizard (D:1)
  8 kobolds
  2 rats
44 creatures vanquished.

Notes
Turn   | Place    | Note
-------+----------+-------------------------------------------
     0 | D:1      | dialectric the Troll Berserker began the quest for the Orb.
     0 | D:1      | Reached XP level 1. HP: 22/22 MP: 0/0
     3 | D:1      | Noticed a meteoran
     3 | D:1      | Noticed a troll
     5 | D:1      | Noticed a naga
     5 | D:1      | Noticed a vine stalker
     7 | D:1      | Noticed an armataur
     7 | D:1      | Noticed a draconian
     9 | D:1      | Noticed a formicid
     9 | D:1      | Noticed a minotaur
    11 | D:1      | Noticed a merfolk
    11 | D:1      | Noticed a tengu
    13 | D:1      | Noticed a gargoyle
    13 | D:1      | Noticed an ogre
    15 | D:1      | Noticed an octopode
    17 | D:1      | Noticed a demonspawn
    19 | D:1      | Noticed a felid
    19 | D:1      | Noticed a human
    21 | D:1      | Noticed a demigod
    21 | D:1      | Noticed a spriggan
    23 | D:1      | Noticed a ghoul
    23 | D:1      | Noticed a vampire
    25 | D:1      | Noticed an elf
    25 | D:1      | Noticed an octopode
    28 | D:1      | Noticed an armataur
    28 | D:1      | Noticed a draconian
   140 | D:1      | Reached XP level 2. HP: 29/29 MP: 1/1
   736 | D:2      | Found a bloodstained altar of Trog.
   794 | D:2      | Reached XP level 3. HP: 36/36 MP: 2/2
   798 | D:2      | Noticed a phantom
   812 | D:2      | Killed a phantom
   812 | D:2      | Reached ** piety under Trog
   813 | D:2      | Reached skill level 4 in Unarmed Combat
   813 | D:2      | Reached XP level 4. HP: 45/45 MP: 3/3
  1551 | D:3      | Reached XP level 5. HP: 53/53 MP: 4/4
  1620 | D:3      | Noticed an ogre
  1627 | D:3      | Mangled by an ogre

Illustrated notes

Levels and vault maps discovered:
D:1:      kb_arrival_jail, layout_loops_ring
D:2:      layout_basic, basic_altar, nicolae_kite_square_tiling_tiny,
          minmay_hedge_maze
D:3:      layout_basic

Skill      XL: |  1  2  3 |
---------------+----------+-----
Fighting       | 3 |  3.2
Dodging        | 3 |  3.3
Unarmed Combat | 4 |  4.9
Stealth        | |  0.1

Action                     |  1- 3 |  4- 6 || total
---------------------------+-------+-------++-------
  Melee: Unarmed           |    55 |    56 ||   111
         Punch             |       |     3 ||     3
 Invoke: Berserk           |     1 |     1 ||     2
 Armour: Animal skin       |    29 |    39 ||    68
  Dodge: Dodged            |    24 |    26 ||    50

Table legend: (Time is in decaauts)
 A = Elapsed time spent in this place.
 B = Non-inter-level travel time spent in this place.
 C = Inter-level travel time spent in this place.
 D = Time resting spent in this place.
 E = Time spent auto-exploring this place.
 F = Levels seen in this place.
 G = Mean time per level.
                   A        B        C        D        E       F      G
               +--------+--------+--------+--------+--------+-----+--------+
         Total |   1640 |   1534 |    106 |      0 |   1167 |   3 |  546.7 |
       Dungeon |   1640 |   1534 |    106 |      0 |   1167 |   3 |  546.7 |
               +--------+--------+--------+--------+--------+-----+--------+

Top non-repeatable levels by time:
     D:2: 765 daAuts
     D:1: 716 daAuts
     D:3: 158 daAuts
